 Dungeon Crawl Stone Soup version 0.17.0-9-g801d43b (webtiles) character file.

992 skittles the Grappler (level 7, -1/70 HPs)
             Began as a Troll Monk on Nov 9, 2015.
             Was a Believer of Trog.
             Shot with an arrow by a centaur (3 damage)
             ... on level 4 of the Dungeon.
             The game lasted 00:13:44 (3644 turns).

skittles the Grappler (Troll Monk)                  Turns: 3644, Time: 00:13:44

Health: -1/70      AC:  7    Str: 22      XL:     7   Next: 98%
Magic:  6/6        EV:  8    Int:  5 (6)  God:    Trog [**....]
Gold:   216        SH:  7    Dex: 16      Spells: 0 memorised, 6 levels left

rFire  + + .     SeeInvis .       - Unarmed
rCold  x . .     Clarity  +     h - +2 robe
rNeg   . . .     SustAt   .     y - +0 shield
rPois  .         Gourm    +     (helmet restricted)
rElec  .         Spirit   .     (no cloak)
rCorr  .         Warding  .     (gloves unavailable)
rMut   .         Rnd*Tele +     (boots unavailable)
MR     .....                    (no amulet)
Stlth  ++........               w - ring of Keshym {Fire Dex+4}
                                e - ring of protection from fire

@: flying, not resistant to hostile enchantments, unstealthy
A: unfitting armour, antennae 1, claws 3, clarity, deterioration 1, fast
metabolism 3, gourmand, regeneration 2, shaggy fur 1, teleportitis 1, tough skin
2, no device heal 1
a: Berserk, Trog's Hand, Burn Spellbooks, Renounce Religion


You were on level 4 of the Dungeon.
You worshipped Trog.
Trog was pleased with you.
You were not hungry.

You visited 1 branch of the dungeon, and saw 5 of its levels.

You collected 216 gold pieces.

Inventory:

Missiles
 i - 196 stones
 k - 5 tomahawks (quivered)
Armour
 a - a +0 robe
 h - a +2 robe (worn)
 y - a +0 shield (worn)
Jewellery
 d - an uncursed ring of protection from cold {unknown}
 e - a ring of protection from fire (left claw)
 w - the ring of Keshym (right claw) {Fire Dex+4}
   (You found it on level 4 of the Dungeon)

   [ring of fire]

   It enhances your fire magic, and weakens your ice magic.
   It affects your dexterity (+4).
   It protects you from fire.
   It makes you vulnerable to cold.
Wands
 j - a wand of confusion (1)
 x - a wand of fire (12)
Scrolls
 f - a scroll of enchant armour
 g - a scroll of immolation {unknown}
 l - 4 scrolls of identify
 t - a scroll of fear
Potions
 c - a potion of ambrosia
 n - a potion of might {unknown}
 q - a potion of haste {unknown}
 u - a potion of lignification {unknown}
 v - a potion of beneficial mutation {unknown}
Comestibles
 b - 8 bread rations
 o - 2 beef jerkies
 p - 2 meat rations
 r - a slice of pizza


   Skills:
 + Level 4.3 Fighting
 + Level 1.0 Throwing
 - Level 2.4 Dodging
 - Level 1.1 Stealth
 * Level 9.0 Unarmed Combat


You had 6 spell levels left.
You didn't know any spells.

Dungeon Overview and Level Annotations

Branches:
Dungeon (5/15)
 Temple: D:4-7

Altars:
Dithmenos
Fedhas
Kikubaaqudgha
Trog
Yredelemnul
Zin
The Shining One

Annotations:
D:5 gw's ghost, novice DDFi


Innate Abilities, Weirdness & Mutations

You are too large for most types of armour.
You have claws for hands.
Your metabolism is lightning-fast.
You like to eat raw meat.
You heal very quickly.
You are covered in fur (AC +1).
You have very tough skin (AC +2).
You have a pair of small antennae on your head.
You possess an exceptional clarity of mind.
Your body sometimes deteriorates upon taking damage.
You are occasionally teleported to nearby monsters.
Potions and wands are less effective at restoring your health.


Message History

You block the centaur's attack.
The worker ant bites you but does no damage.
The centaur hits you but does no damage.
You block gw's ghost's attack.
You climb upwards.
There is a stone staircase leading down here.
Drink which item? (? for menu, Esc to quit)
It was a potion of flight.
You feel very buoyant.
You fly up into the air.
The centaur closely misses you.
The worker ant waves its antennae.
The worker ant bites you but does no damage.
The centaur wields an uncursed shortbow of velocity.
The centaur shoots an arrow.
The arrow hits you.
* * * LOW HITPOINT WARNING * * *
x2 You block the worker ant's attack.
You see here an arrow.
The centaur shoots an arrow.
The arrow hits you!
* * * LOW HITPOINT WARNING * * *
You die...

....#.......# #.........#.#.#
............# #.........#.#.#
'#'##.####### #....<....#.#.#
.#.##.# #.........#.#.# .#.##.#
#.........#.#.# .#.##.#
#.........#.#.# .#.##.#
######.........#.#.##### ##.##.#
#........a#......#......
...##.####......@(>#......#######
#####..............c.............
##########................#######
........###########.......'......
#######.# #.......####### #>#
#.............. #.#
#.#####.#...... #######.# #.#
#.#.##### ........# #.# #........


You could see a centaur and a worker ant.

Vanquished Creatures
  Grinder (D:3)
  Sigmund (D:3)
  Menkaure (D:4)
  Duvessa (D:4)
  The ghost of daryashkoh the Ducker, an amateur MfMo of Ashenzari (D:3)
  Dowan (D:4)
  An orc wizard (D:4)
  3 orc priests (D:4)
  7 adders
  An ooze (D:4)
  6 worms
  3 giant geckos
  13 orcs
  2 bats (D:2)
  2 giant cockroaches
  5 hobgoblins
  6 jackals
  8 kobolds
  3 quokkas
  4 giant newts
  4 goblins
  5 rats
  3 plants (D:1)
82 creatures vanquished.

Vanquished Creatures (others)
  A quokka (D:3)
1 creature vanquished.

Grand Total: 83 creatures vanquished

Notes
Turn   | Place    | Note
--------------------------------------------------------------
     0 | D:1      | skittles the Troll Monk began the quest for the Orb.
     0 | D:1      | Reached XP level 1. HP: 22/22 MP: 0/0
   376 | D:1      | Reached XP level 2. HP: 22/29 MP: 1/1
   811 | D:2      | Found an ancient bone altar of Kikubaaqudgha.
   812 | D:2      | Found a shadowy altar of Dithmenos.
   815 | D:2      | Found a blossoming altar of Fedhas.
   831 | D:2      | Reached XP level 3. HP: 23/36 MP: 2/2
  1212 | D:2      | Reached skill level 5 in Unarmed Combat
  1312 | D:3      | Noticed daryashkoh's ghost (amateur MfMo)
  1331 | D:3      | Killed daryashkoh's ghost
  1331 | D:3      | Reached XP level 4. HP: 31/45 MP: 3/3
  1331 | D:3      | Reached XP level 5. HP: 36/53 MP: 4/4
  1613 | D:3      | Found a basalt altar of Yredelemnul.
  1614 | D:3      | Noticed Sigmund
  1617 | D:3      | Reached skill level 6 in Unarmed Combat
  1621 | D:3      | Noticed a profane servitor
  1628 | D:3      | Gained mutation: Your system is resistant to poisons. [potion of mutation]
  1628 | D:3      | Gained mutation: You have supernaturally acute eyesight. [potion of mutation]
  1628 | D:3      | Gained mutation: Armour fits poorly on your strangely shaped body. [potion of mutation]
  1635 | D:3      | Killed Sigmund
  1635 | D:3      | Reached XP level 6. HP: 37/61 MP: 5/5
  1636 | D:3      | Lost mutation: Armour fits poorly on your strangely shaped body. [potion of cure mutation]
  1636 | D:3      | Lost mutation: You have supernaturally acute eyesight. [potion of cure mutation]
  1670 | D:3      | Gained mutation: Potions and wands are less effective at restoring your health. [potion of mutation]
  1670 | D:3      | Gained mutation: You are dopey. (Int -2) [potion of mutation]
  1670 | D:3      | Gained mutation: Your magical capacity is low (-10% MP). [potion of mutation]
  1671 | D:3      | Gained mutation: Your spells are a little harder to cast, but a little more powerful. [potion of mutation]
  1699 | D:3      | Lost mutation: Your magical capacity is low (-10% MP). [potion of cure mutation]
  1699 | D:3      | Lost mutation: You are dopey. (Int -2) [potion of cure mutation]
  1699 | D:3      | Lost mutation: Your spells are a little harder to cast, but a little more powerful. [potion of cure mutation]
  1699 | D:3      | Lost mutation: Your system is resistant to poisons. [potion of cure mutation]
  1699 | D:3      | Lost mutation: Potions and wands are less effective at restoring your health. [potion of cure mutation]
  1701 | D:3      | Found a glowing golden altar of the Shining One.
  1703 | D:3      | Noticed an angel
  1790 | D:3      | Noticed Grinder
  1816 | D:3      | Paralysed by Grinder for 4 turns
  1820 | D:3      | Killed Grinder
  1820 | D:3      | Reached skill level 7 in Unarmed Combat
  1820 | D:3      | Reached XP level 7. HP: 41/68 MP: 6/6
  2115 | D:3      | Gained mutation: You have a pair of small antennae on your head. [potion of mutation]
  2115 | D:3      | Gained mutation: Potions and wands are less effective at restoring your health. [potion of mutation]
  2115 | D:3      | Gained mutation: You have supernaturally acute eyesight. [potion of mutation]
  2116 | D:3      | Gained mutation: Your body sometimes deteriorates upon taking damage. [potion of mutation]
  2116 | D:3      | Lost mutation: You have supernaturally acute eyesight. [potion of mutation]
  2304 | D:4      | Gained mutation: You possess an exceptional clarity of mind. [potion of mutation]
  2304 | D:4      | Gained mutation: You are occasionally teleported to nearby monsters. [potion of mutation]
  2370 | D:4      | Got a warped copper ring
  2586 | D:4      | Identified the ring of Keshym {Fire Dex+4} (You found it on level 4 of the Dungeon)
  2652 | D:4      | Reached skill level 8 in Unarmed Combat
  2672 | D:4      | Found a glowing silver altar of Zin.
  2673 | D:4      | Found a bloodstained altar of Trog.
  2678 | D:4      | Became a worshipper of Trog the Wrathful
  2678 | D:4      | Reached * piety under Trog
  2678 | D:4      | Reached ** piety under Trog
  2814 | D:4      | Noticed Duvessa
  2814 | D:4      | Noticed Dowan
  2828 | D:4      | Killed Duvessa
  2828 | D:4      | Reached skill level 1 in Throwing
  2840 | D:4      | Killed Dowan
  2969 | D:4      | Noticed Menkaure
  2984 | D:4      | Killed Menkaure
  3341 | D:4      | Reached skill level 9 in Unarmed Combat
  3623 | D:5      | Entered Level 5 of the Dungeon
  3623 | D:5      | Noticed gw's ghost (novice DDFi)
  3644 | D:4      | HP: 2/70 [centaur/arrow (10)]
  3644 | D:4      | Shot with an arrow by a centaur

Action                   |  1- 3 |  4- 6 |  7- 9 || total
-------------------------+-------+-------+-------++-------
Melee: Unarmed           |   159 |    33 |   112 ||   304
Throw: Stone             |     9 |       |       ||     9
       Tomahawk          |       |       |     4 ||     4
  Use: Potion            |       |     9 |     5 ||    14
       Scroll            |       |       |     9 ||     9
 Stab: Sleeping          |     1 |     1 |     3 ||     5
  Eat: Chunk             |    18 |     2 |    10 ||    30
       Bread ration      |       |       |     1 ||     1
